 Dungeon Crawl Stone Soup version 0.28-a0-413-gde365fb1df (webtiles) character file.

Game seed: 8207405076233199861

174 rabbitsville the Slasher (level 5, 0/41 HPs)
             Began as a Demonspawn Chaos Knight on Sept 5, 2021.
             Was a Plaything of Xom.
             Slain by a phantom (4 damage)
             ... on level 3 of the Dungeon on Sept 8, 2021.
             The game lasted 00:11:15 (2675 turns).

rabbitsville the Slasher (Demonspawn Chaos Knight)  Turns: 2675, Time: 00:11:16

Health: 0/41       AC:  5    Str: 13    XL:     5   Next: 28%
Magic:  8/8        EV: 11    Int: 13    God:    Xom [..*...]
Gold:   157        SH:  0    Dex: 13    Spells: 9/9 levels left

rFire   . . .      SeeInvis .   a - +3 falchion (chaos)
rCold   . . .      Faith    .   (no shield)
rNeg    . . .      Spirit   .   b - +2 leather armour
rPois   .          Reflect  .   (no helmet)
rElec   .          Harm     .   (no cloak)
rCorr   .          Rampage  .   (gloves unavailable)
Will    .....                   (no boots)
Stlth   +.........              (no amulet)
HPRegen 0.13/turn               (no ring)
MPRegen 0.11/turn               (no ring)

@: mighty
A: claws 3
a: Renounce Religion


You were on level 3 of the Dungeon.
You worshipped Xom.
You were a toy of Xom.
You visited 1 branch of the dungeon, and saw 3 of its levels.
You also visited: Sewer.

You collected 157 gold pieces.

Inventory:

Hand Weapons
 a - a +3 falchion of chaos (weapon)
 k - the +7 hand crossbow "Conservator" {freeze, rF+ rN+ rCorr Dex-3}
   (You found it in a sewer)

   Any ammunition fired from it freezes those it strikes, dealing additional
   cold damage.
   It can also slow down cold-blooded creatures.
   Dex:       It affects your dexterity (-3).
   rF:        It protects you from fire.
   rN:        It protects you from negative energy.
   rCorr:     It protects you from acid and corrosion.
Missiles
 d - 20 poisoned darts (quivered)
Armour
 b - a +2 leather armour (worn)
 h - a +0 pair of gloves
Scrolls
 g - a scroll of vulnerability
 i - a scroll of immolation {unknown}
 j - a scroll of amnesia {unknown}
Potions
 c - a potion of flight {unknown}
 l - a potion of berserk rage


   Skills:
 - Level 3.1 Fighting
 - Level 3.4 Long Blades
 * Level 0.0 Crossbows
 - Level 1.9 Armour
 - Level 0.8 Dodging
 + Level 2.6 Spellcasting
 * Level 2.9 Poison Magic


You had 9 spell levels left.
You didn't know any spells.
Your spell library contained the following spells:

 Spells                   Type           Power      Damage    Failure   Level
 Sting                    Tmut/Pois      20%        1d4       17%         1
 Poisonous Vapours        Pois/Air       10%        N/A       26%         2
 Olgreb's Toxic Radiance  Pois           9%         N/A       65%         4


Dungeon Overview and Level Annotations

Branches:
Dungeon (3/15)              Sewer (visited)

Altars:
Gozag
Nemelex Xobeh
Sif Muna
Xom


Innate Abilities, Weirdness & Mutations

You have claws for hands.


Message History

* * * LOW HITPOINT WARNING * * *
The phantom blinks!
You blink.
The phantom closely misses you.
You miss the phantom.
The phantom is heavily damaged.
The phantom hits you.
* * * LOW HITPOINT WARNING * * *
The phantom blinks!
You blink.
Found a scroll labelled TILYRI YPUF.
Found three altars.
An adder comes into view.
The phantom hits you.
* * * LOW HITPOINT WARNING * * *
You closely miss the phantom.
The phantom is heavily damaged.
The adder hisses angrily.
Xom transforms those around you.
The adder reforms as an arrow.
The phantom misses you.
You closely miss the phantom.
The phantom is heavily damaged.
The phantom hits you.
* * * LOW HITPOINT WARNING * * *
The phantom blinks!
You blink.
You hit the phantom.
The phantom is severely damaged.
The phantom hits you.
* * * LOW HITPOINT WARNING * * *
The phantom blinks!
You blink.
You barely miss the phantom.
The phantom is severely damaged.
The phantom hits you.
* * * LOW HITPOINT WARNING * * *
It was a potion of magic.
Magic courses through your body.
Xom roars with laughter!
The phantom hits you.
* * * LOW HITPOINT WARNING * * *
It was a potion of might.
You feel very mighty all of a sudden. The phantom hits you.
You die...
Xom chuckles heartily!

#### .... ..## # ####..#
## ###.....## #≈
#...._...# .. #.
#....8_..# .# #.
#..W._...# #.# ##
#..@.....###.. ##.#
##........h...####.##
#.........##.......#.
#.........##.....##≈≈
.............##....§...≈
.?###.........h§.......#
( ....#.###############
###.##.# .. #.#


You could see a phantom and 2 jackals.

Vanquished Creatures
  Purgy (Sewer)
  A gnoll (D:1)
  2 adders (D:2)
  An adder skeleton (D:2)
  5 endoplasms
  2 giant cockroaches (D:3)
  6 goblins
  3 hobgoblins
  10 jackals
  A quokka (D:3)
  7 ball pythons
  7 bats
  A frilled lizard (D:1)
  2 kobolds (D:1)
  5 rats
54 creatures vanquished.

Vanquished Creatures (others)
  A bat (D:1)
1 creature vanquished.

Grand Total: 55 creatures vanquished

Notes
Turn   | Place    | Note
-------+----------+-------------------------------------------
     0 | D:1      | rabbitsville the Demonspawn Chaos Knight began the quest
                  | for the Orb.
     0 | D:1      | Reached XP level 1. HP: 18/18 MP: 1/1
    69 | D:1      | Found a faded altar of an unknown god.
   304 | D:1      | XOM: silly message
   359 | D:1      | XOM: silly message
   452 | D:1      | Gained mutation: You have sharp fingernails. [demonic
                  | ancestry]
   452 | D:1      | Reached XP level 2. HP: 24/24 MP: 2/2
   565 | D:1      | Reached skill level 1 in Poison Magic
   623 | D:1      | Reached skill level 1 in Spellcasting
   777 | D:1      | XOM: noise
   959 | D:1      | Reached XP level 3. HP: 29/29 MP: 4/4
   980 | D:1      | XOM: 4-stop teleportation journey
  1343 | D:2      | XOM: noise
  1357 | D:2      | Upgraded the game from 0.28-a0-407-g69098e2f6d to
                  | 0.28-a0-413-gde365fb1df
  2008 | D:2      | XOM: cloud trail
  2205 | D:3      | Gained mutation: You have very sharp fingernails. [demonic
                  | ancestry]
  2205 | D:3      | Reached XP level 4. HP: 35/35 MP: 6/6
  2331 | D:3      | Found a shimmering altar of Xom.
  2408 | D:3      | Found a glowing drain.
  2418 | D:3      | XOM: silly message
  2421 | Sewer    | Entered a sewer
  2456 | Sewer    | Noticed Purgy
  2469 | Sewer    | Killed Purgy
  2470 | Sewer    | Gained mutation: You have claws for hands. [demonic
                  | ancestry]
  2470 | Sewer    | Reached XP level 5. HP: 14/41 MP: 8/8
  2482 | Sewer    | Identified the +7 hand crossbow "Conservator" {freeze, rF+
                  | rN+ rCorr Dex-3}
  2632 | Sewer    | XOM: silly message
  2633 | Sewer    | XOM: silly message
  2651 | D:3      | Noticed a phantom
  2668 | D:3      | Found a shimmering blue altar of Sif Muna.
  2668 | D:3      | Found a sparkling altar of Nemelex Xobeh.
  2668 | D:3      | Found an opulent altar of Gozag.
  2670 | D:3      | XOM: snakes to sticks
  2675 | D:3      | Slain by a phantom

Illustrated notes

Levels and vault maps discovered:
D:1:      doesnt_arrival_eight_statues, layout_basic,
          ebering_ecumenical_altar_webs, lemuel_old_faithful
D:2:      layout_loops_cross, minmay_bisected
D:3:      layout_rooms, marbit_many_paths, nicolae_wu_jian_glorious_leap,
          chequers_temple_overflow_statue_of_worship, old_standard_altar,
          gup_sewer_entry_pipe, kennysheep_nondescript,
          minmay_fractal_squares_gapless_5

Skill      XL: |  1  2  3  4 |
---------------+-------------+-----
Poison Magic   | 1 2 |  2.9
Spellcasting   | 1 2 |  2.6
Long Blades    | 3 |  3.4
Fighting       | |  3.1
Armour         | |  1.9
Dodging        | |  0.8

Action                   |  1- 3 |  4- 6 || total
-------------------------+-------+-------++-------
Melee: Falchion          |   105 |    72 ||   177
Throw: Dart              |       |     2 ||     2
  Use: Scroll            |     3 |     1 ||     4
       Potion            |       |     2 ||     2
 Stab: Confused          |     1 |       ||     1
Armor: Leather armour    |    52 |    34 ||    86
Dodge: Dodged            |    79 |    61 ||   140

Table legend: (Time is in decaauts)
 A = Elapsed time spent in this place.
 B = Non-inter-level travel time spent in this place.
 C = Inter-level travel time spent in this place.
 D = Time resting spent in this place.
 E = Time spent auto-exploring this place.
 F = Levels seen in this place.
 G = Mean time per level.
                   A        B        C        D        E       F      G
               +--------+--------+--------+--------+--------+-----+--------+
         Total |   2716 |   2596 |    120 |    109 |   1458 |   4 |  679.0 |
       Dungeon |   2500 |   2380 |    120 |      0 |   1458 |   3 |  833.3 |
         Sewer |    215 |    215 |      0 |    109 |      0 |   1 |  215.0 |
               +--------+--------+--------+--------+--------+-----+--------+

Top non-repeatable levels by time:
     D:1: 1228 daAuts
     D:2: 961 daAuts
     D:3: 311 daAuts
   Sewer: 215 daAuts
